AoeStats
← i-SRAEL

Four Lakes

508799062Analyzed
1v1 RM · 7d ago on Sep 24, 2026· 47m 19s· 2 players
Game mode
Random Map
Map size
Tiny (2 player)
Population
200
Speed
Normal
Resources
Standard
Victory
Conquest
Starting age
Dark Age
Ending age
Imperial Age
RankedLock teamsTeams togetherTeam positionsShared explorationLock speedFull tech treeHidden civsTurbo modeCheats
Victory
Defeat
🇦🇷 Magyars · Argentina
1113
+17
🇲🇽 Spanish · Mexico
1125
-17
totekazee
7:25 Loom
11:38 Feudal Age
12:10 Double-Bit Axe
11:56 Man-at-Arms
13:09 Arson
13:34 Fishing Lines
14:46 Gold Mining
15:50 Horse Collar
17:36 Scale Mail Armor
20:46 Castle Age
19:37 Bloodlines
21:22 Scale Barding Armor
20:56 Pikeman
21:39 Heavy Plow
22:18 Husbandry
22:32 Gillnets
24:06 Chain Barding Armor
24:29 Chain Mail Armor
25:16 Wheelbarrow
25:17 Stone Mining
27:14 Fletching
27:33 Thumb Ring
28:58 Gold Shaft Mining
28:32 Padded Archer Armor
30:51 Town Watch
31:22 Hand Cart
31:06 Bodkin Arrow
35:21 Imperial Age
33:41 Leather Archer Armor
33:41 Bow Saw
35:01 Corvinian Army
38:18 Plate Barding Armor
39:49 Conscription
42:11 Recurve Bow
44:33 Parthian Tactics
43:34 Cavalier
44:24 Elite Magyar Huszar
i-SRAEL
5:15 Loom
10:28 Feudal Age
11:11 Double-Bit Axe
11:09 Horse Collar
14:57 Forging
21:20 Castle Age
20:05 Scale Barding Armor
22:58 Iron Casting
23:15 Bow Saw
24:23 Chain Barding Armor
27:21 Wheelbarrow
30:03 Fletching
31:03 Man-at-Arms
31:36 Pikeman
33:09 Bloodlines
33:10 Squires
41:49 Imperial Age
41:50 Bodkin Arrow
45:08 Cavalier
Connection lost

Rejoining the realm…

Still unreachable

The connection could not be restored.

Session expired

The server has moved on; the page needs a fresh start.